 Dungeon Crawl Stone Soup version 0.29.1-12-g30fa7ad0bf (webtiles) character file.

Game seed: 9076150051410119474

521 nachturnus the Slasher (level 6, -1/48 HPs)
             Began as a Demigod Gladiator on Jan 4, 2023.
             Slain by a gnoll
             ... wielding a +0 flail
             ... led by a gnoll bouda
              (5 damage)
             ... on level 5 of the Dungeon on Jan 5, 2023.
             The game lasted 00:10:57 (2935 turns).

nachturnus the Slasher (Demigod Gladiator)          Turns: 2935, Time: 00:11:00

Health: -1/48      AC:  8    Str: 19    XL:     6   Next: 69%
Magic:  8/8        EV: 11    Int: 10    God:
Gold:   345        SH:  0    Dex: 25    Spells: 5/5 levels left

rFire   . . .      SeeInvis .   a - +0 long sword
rCold   . . .      Faith    .   (no shield)
rNeg    . . .      Spirit   .   y - +0 scale mail
rPois   .          Reflect  .   c - +0 helmet
rElec   .          Harm     .   r - +0 cloak
rCorr   .          Rampage  .   (no gloves)
Will    .....                   (no boots)
Stlth   +.........              p - amulet of regeneration
HPRegen 0.96/turn               l - +6 ring of dexterity
MPRegen 0.11/turn               (no ring)

@: weakened
A: high MP 1, forlorn, divine attributes
a: no special abilities


You were on level 5 of the Dungeon.
You visited 1 branch of the dungeon, and saw 5 of its levels.
You also visited: Sewer.

You collected 345 gold pieces.

Inventory:

Hand Weapons
 a - a +0 long sword (weapon)
Missiles
 d - 3 throwing nets (quivered)
 e - a javelin
Armour
 c - a +0 helmet (worn)
 j - a +0 ring mail
 r - a +0 cloak (worn)
 y - a +0 scale mail (worn)
Jewellery
 l - a +6 ring of dexterity (left hand)
 p - an amulet of regeneration (around neck)
Wands
 u - a wand of iceblast (10)
Scrolls
 f - a scroll of vulnerability {unknown}
 h - a scroll of blinking
 k - 3 scrolls of fear {unknown}
 m - a scroll of magic mapping {unknown}
 o - a scroll of brand weapon {unknown}
 s - 2 scrolls of noise {unknown}
 v - 2 scrolls of teleportation {unknown}
 w - a scroll of butterflies {unknown}
 C - a scroll of identify
Potions
 b - a potion of flight {unknown}
 g - a potion of berserk rage {unknown}
 i - a potion of invisibility {unknown}
 n - a potion of curing
 q - a potion of lignification {unknown}
 t - 3 potions of haste
 x - a potion of might {unknown}
 z - a potion of mutation {unknown}
 A - a potion of attraction {unknown}
 B - 2 potions of brilliance {unknown}


   Skills:
 - Level 1.7 Fighting
 + Level 7.3 Long Blades
 - Level 1.7 Throwing
 - Level 2.6 Dodging


You had 5 spell levels left.
You didn't know any spells.
Your spell library contained the following spells:

 Spells                   Type           Power      Damage    Failure   Level
 Necrotise                Necr           0%         1d4       77%         1
 Shock                    Conj/Air       0%         1d3       77%         1
 Ensorcelled Hibernation  Hex/Ice        0%         N/A       88%         2
 Passwall                 Tmut/Erth      0%         N/A       88%         2
 Sublimation of Blood     Necr           0%         N/A       88%         2
 Wereblood                Tmut           0%         N/A       88%         2
 Gell's Gravitas          Tloc           0%         N/A       98%         3
 Swiftness                Air            0%         N/A       98%         3
 Teleport Other           Tloc           0%         N/A       98%         3
 Vampiric Draining        Necr           0%         2d6       98%         3
 Airstrike                Air            0%         2d(0-16)  100%        4
 Agony                    Necr           0%         N/A       100%        5
 Dispersal                Tloc           0%         N/A       100%        6
 Summon Hydra             Summ           0%         N/A       100%        7


Dungeon Overview and Level Annotations

Branches:
Dungeon (5/15)             Temple (0/1) D:5           Sewer (visited)


Innate Abilities, Weirdness & Mutations

You have an increased reservoir of magic. (+10% MP)
You shall have no god before yourself.
Your divine heritage dramatically boosts your attributes as you level up.


Message History

The gnoll bouda barely misses you. The gnoll closely misses you.
You barely miss the gnoll bouda.
The gnoll bouda is heavily wounded.
The gnoll bouda closely misses you. The gnoll hits you with a +0 flail!
* * * LOW HITPOINT WARNING * * *
You hit the gnoll bouda.
The gnoll bouda is severely wounded.
The gnoll bouda hits you with a +0 whip.
* * * LOW HITPOINT WARNING * * *
The gnoll hits you with a +0 flail.
* * * LOW HITPOINT WARNING * * *
You hit the gnoll bouda but do no damage.
The gnoll bouda is severely wounded.
The gnoll bouda closely misses you. The gnoll barely misses you.
You feel better. The gnoll bouda barely misses you.
The gnoll hits you with a +0 flail.
* * * LOW HITPOINT WARNING * * *
You hit the gnoll bouda.
The gnoll bouda is severely wounded.
The gnoll is no longer moving quickly.
The gnoll bouda gazes fiercely through you!
You feel as though you will be weak longer.
The gnoll bouda barely misses you. The gnoll barely misses you.
You hit the gnoll bouda.
The gnoll bouda is severely wounded.
The gnoll bouda barks out a call to the hunt!
The gnoll picks up the pace!
The gnoll hits you with a +0 flail.
* * * LOW HITPOINT WARNING * * *
You barely miss the gnoll bouda.
The gnoll bouda is severely wounded.
The gnoll bouda closely misses you. The gnoll hits you with a +0 flail.
* * * LOW HITPOINT WARNING * * *
You feel better.
The gnoll bouda gazes fiercely through you!
You feel as though you will be weak longer.
The gnoll bouda hits you with a +0 whip.
* * * LOW HITPOINT WARNING * * *
The gnoll hits you with a +0 flail.
You die...

### #..#.....
#.#####..#..... #
#..#.#.........
#...#.......###+###
#.>.#......#8...#
#...#.##...#...#..
#.#.#####..#....# #
. #.#g##.+.#.#[# .>
#.@g...##.#( . #.
#.##...# . #.
###....#
#.........#
#..........#
...............
.....####......
..##. #.......# # .
#......S.


You could see a gnoll bouda and a gnoll (swift).

Vanquished Creatures
  A water moccasin (Sewer)
  A black bear (D:4)
  A hound (D:5)
  3 orc wizards
  5 gnolls
  5 adders
  2 river rats (D:4)
  3 worms
  A dart slug (D:3)
  11 orcs
  10 bats
  7 endoplasms
  6 giant cockroaches
  12 goblins
  6 hobgoblins
  3 jackals (D:2)
  5 kobolds
  3 quokkas
  6 ball pythons
  3 frilled lizards
  3 rats
97 creatures vanquished.

Vanquished Creatures (others)
  A plant (D:3)
1 creature vanquished.

Grand Total: 98 creatures vanquished

Notes
Turn   | Place    | Note
-------+----------+-------------------------------------------
     0 | D:1      | nachturnus the Demigod Gladiator began the quest for the
                  | Orb.
     0 | D:1      | Reached XP level 1. HP: 17/17 MP: 3/3
    75 | D:1      | You fall into a shaft and drop 1 floor!
   114 | D:2      | Reached skill level 3 in Long Blades
   349 | D:1      | Reached XP level 2. HP: 20/24 MP: 4/4
   753 | D:2      | Reached skill level 4 in Long Blades
   753 | D:2      | Reached XP level 3. HP: 21/29 MP: 5/5
   988 | D:2      | Reached XP level 4. HP: 21/36 MP: 6/6
  1117 | D:2      | Reached skill level 5 in Long Blades
  2149 | D:4      | Reached XP level 5. HP: 41/41 MP: 7/7
  2162 | D:4      | Found a glowing drain.
  2212 | Sewer    | Entered a sewer
  2254 | Sewer    | Noticed a water moccasin
  2263 | Sewer    | Killed a water moccasin
  2264 | Sewer    | Reached skill level 6 in Long Blades
  2372 | D:4      | Reached XP level 6. HP: 45/48 MP: 8/8
  2417 | D:4      | Reached skill level 7 in Long Blades
  2761 | D:5      | Entered Level 5 of the Dungeon
  2845 | D:5      | Found a staircase to the Ecumenical Temple.
  2935 | D:5      | Slain by a gnoll

Illustrated notes

Levels and vault maps discovered:
D:1:      lightli_arrival_maybe_door_vault, layout_rooms
D:2:      cheibrodos_greedy_goblins, layout_rooms,
          hellmonk_ecumenical_altar_crossroads
D:3:      layout_loops_corners, kennysheep_slug_shrine, serial_bayou_pond_b
D:4:      layout_basic, amcnicky_altar_gilded, portal_sewer_entry_c
D:5:      layout_cave_pools, nzn_wu_jian_council_hall, xom_redecorated,
          nicolae_yredelemnul_corpse_copse, grunt_gozag_breadcrumbs,
          minmay_temple_entry_from_below_a, minivault_1, st_stairs_5

Skill      XL: |  1  2  3  4  5  6 |
---------------+-------------------+-----
Long Blades    | 3 4 5 6 7 |  7.3
Fighting       | |  1.7
Throwing       | |  1.7
Dodging        | |  2.6

Action                   |  1- 3 |  4- 6 || total
-------------------------+-------+-------++-------
Melee: Long sword        |   102 |   268 ||   370
       Punch             |     2 |     5 ||     7
  Use: Scroll            |     1 |     3 ||     4
       Potion            |       |     3 ||     3
Armor: Leather armour    |     8 |       ||     8
       Ring mail         |    49 |   103 ||   152
       Scale mail        |       |    31 ||    31
Dodge: Dodged            |    65 |   193 ||   258
